 Dungeon Crawl Stone Soup version 0.21.1-1-g345015f (webtiles) character file.

98 inc the Chiller (level 4, 18/18 HPs)
             Began as a Felid Ice Elementalist on Mar 4, 2018.
             Quit the game on level 3 of the Dungeon.
             The game lasted 00:04:07 (2437 turns).

inc the Chiller (Felid Ice Elementalist)            Turns: 2437, Time: 00:04:08

Health: 18/18      AC:  1    Str:  4    XL:     4   Next: 43%
Magic:  8/8        EV: 18    Int: 18    God:
Gold:   106        SH:  0    Dex: 16    Spells: 6/7 levels left
                                        Lives:  0   Deaths: 1

rFire    . . .     SeeInvis +   (weapon unavailable)
rCold    . . .     Gourm    .   (shield unavailable)
rNeg     . . .     Faith    .   (armour unavailable)
rPois    .         Spirit   .   (helmet unavailable)
rElec    .         Reflect  .   (cloak unavailable)
rCorr    .         Harm     .   (gloves unavailable)
MR       .....                  (boots unavailable)
Stlth    +++.......             (no amulet)
HPRegen  0.06/turn              (no ring)
MPRegen  0.11/turn              (no ring)

@: quick
A: very small, no armour, no weapons or thrown items, stealth, claws 1, fangs 3,
see invisible, carnivore, speed 1, shaggy fur 1, slow metabolism 1, sharp paws
a: no special abilities


You were on level 3 of the Dungeon.
You were not hungry.

You visited 1 branch of the dungeon, and saw 3 of its levels.

You collected 106 gold pieces.

Inventory:

Scrolls
 c - 2 scrolls of teleportation {unknown}
 d - 2 scrolls of identify {unknown}
 e - a scroll of remove curse {unknown}
 f - a scroll of enchant weapon {unknown}
 g - a scroll of fog {unknown}
Potions
 h - a potion of berserk rage
Books
 a - a book of Frost

   Spells                             Type                      Level
   a - Freeze                         Ice                          1
   b - Throw Frost                    Conjuration/Ice              2
   c - Ozocubu's Armour               Charms/Ice                   3
   d - Throw Icicle                   Conjuration/Ice              4
   e - Summon Ice Beast               Ice/Summoning                4
Comestibles
 b - 9 rations


   Skills:
 - Level 2.6 Dodging
 - Level 2.6 Stealth
 - Level 2.0 Spellcasting
   Level 0.8 Conjurations
 + Level 5.6 Ice Magic


You had 6 spell levels left.
You knew the following spells:

 Your Spells              Type           Power        Failure   Level  Hunger
a - Freeze                Ice            ###.         1%          1    #......


Dungeon Overview and Level Annotations

Branches:
Dungeon (3/15)

Altars:
Qazlal
Ru

Annotations:
D:2 1 runed door


Innate Abilities, Weirdness & Mutations

You cannot wear armour.
You are incapable of wielding weapons or throwing items.
Your paws allow you to move quietly. (Stealth)
You have sharp claws.
You have razor-sharp teeth.
You have supernaturally acute eyesight. (SInv)
You are carnivorous and can eat meat at any time.
You cover ground quickly.
You are covered in fur. (AC +1)
You have a slow metabolism.
Your sharp claws are effective at attacking unaware monsters.


Message History

Confirm with . or Enter, or press ? or * to list all spells.
Aiming: Freeze
Press: ? - help, Shift-Dir - straight line, f/p - orc
Aim: an orc, wielding a war axe and wearing a leather armour (severely wounded)
You freeze the orc.
You kill the orc!
The orc hits you with a whip.
* * * LOW HITPOINT WARNING * * *
Casting: Freeze
Confirm with . or Enter, or press ? or * to list all spells.
Aiming: Freeze
Press: ? - help, Shift-Dir - straight line, f - orc
Aim: an orc, wielding a whip You freeze the orc.
The orc is severely wounded.
The orc hits you with a whip.
You die...
You are now level 4!
You rejoin the land of the living...
Are you sure you want to abandon this character and quit the game? (Confirm with "yes".)

#o†...### ##.###.##
##....# ##.## ##.##
##.#.# #.## ##.# .....#
##.## ##.## ###.###
##.###.## ##+## ##.#.##
##.(.## ##..# ##.....##
###.# #.......## ###.#@#
.........###.....#######
.........+......<.......
.........##......#######
#.......###.....##
##..†..## ##...##
##...## ##.## ##'## #.#
#.# #.#


There were no monsters in sight!

Vanquished Creatures
  An orc warrior (D:2)
  Terence (D:2)
  An adder (D:2)
  2 oozes
  3 dart slugs
  2 leopard geckos (D:2)
  2 orcs (D:3)
  A ball python (D:2)
  A giant cockroach (D:3)
  4 goblins
  6 hobgoblins
  6 bats
  3 frilled lizards
  9 kobolds
  7 rats
49 creatures vanquished.

Notes
Turn   | Place    | Note
-------+----------+-------------------------------------------
     0 | D:1      | inc the Felid Ice Elementalist began the quest for the Orb.
     0 | D:1      | Reached XP level 1. HP: 7/7 MP: 4/4
   219 | D:1      | Reached skill level 3 in Ice Magic
   369 | D:1      | Reached XP level 2. HP: 11/11 MP: 0/6
   984 | D:2      | Reached XP level 3. HP: 11/14 MP: 4/7
  1077 | D:2      | Reached skill level 4 in Ice Magic
  1332 | D:2      | Found a sacrificial altar of Ru.
  1416 | D:2      | Found a stormy altar of Qazlal.
  1528 | D:2      | Found a runed door.
  1594 | D:2      | Noticed an orc warrior
  1755 | D:2      | Killed an orc warrior
  1755 | D:2      | Reached skill level 5 in Ice Magic
  1755 | D:2      | Reached XP level 4. HP: 18/18 MP: 2/8
  1755 | D:2      | Reached XP level 5. HP: 21/21 MP: 2/9
  2128 | D:3      | Noticed Terence
  2161 | D:2      | Killed Terence
  2435 | D:3      | HP: 1/21 [orc/whip (1)]
  2436 | D:3      | Slain by an orc
  2437 | D:3      | Reached XP level 4. HP: -2/18 MP: 2/8
  2437 | D:3      | Quit the game

Skill      XL: |  1  2  3 |
---------------+----------+-----
Ice Magic      | 3 5 |  5.6
Dodging        | |  2.6
Stealth        | |  2.6
Spellcasting   | |  2.0
Conjurations   | |  0.8

Action                   |  1- 3 |  4- 6 || total
-------------------------+-------+-------++-------
Melee: Unarmed           |    21 |     1 ||    22
       Bite              |     5 |       ||     5
 Cast: Freeze            |    64 |    15 ||    79
 Stab: Sleeping          |     7 |       ||     7
  Eat: Chunk             |     4 |       ||     4
Armor: Skin              |     4 |     1 ||     5
Dodge: Dodged            |    63 |    12 ||    75
